 Dungeon Crawl Stone Soup version 0.31.0-11-ge490571c62 (webtiles) character file.

Game seed: 13383835748083599821

14961 Yore the Fighter (level 12, -1/82 HPs)
             Began as a Gargoyle Fighter on Jan 30, 2024.
             Was a Believer of the Shining One.
             Slain by a komodo dragon (16 damage)
             ... on level 11 of the Dungeon.
             The game lasted 00:21:50 (9893 turns).

Yore the Fighter (Gargoyle Fighter)                 Turns: 9893, Time: 00:21:51

Health: -1/82      AC: 28    Str: 20    XL:     12   Next: 22%
Magic:  18/18      EV: 10    Int: 10    God:    the Shining One [**....]
Gold:   618        SH: 11    Dex: 13    Spells: 11/11 levels left

rFire   . . .        d - +0 flail (protect)
rCold   + . .        s - +0 kite shield
rNeg    + + .        M - +0 acid dragon scales
rPois   ∞            O - +0 helmet
rElec   +            (no cloak)
rCorr   +            u - +0 pair of gloves
SInv    .            w - +0 pair of boots
Will    +....        e - amulet of regeneration
Stlth   +            f - ring of protection from cold
HPRegen 1.13/turn    K - ring of willpower
MPRegen 0.16/turn

%: no passive effects
@: under a protective aura, glowing
A: sickness immunity, AC +8, negative energy resistance 1, electricity
resistance, torment resistance 1, petrification resistance
a: Renounce Religion, Divine Shield


You were on level 11 of the Dungeon.
You worshipped the Shining One.
The Shining One was pleased with you.
You visited 3 branches of the dungeon, and saw 14 of its levels.
You also visited: Bailey.

You collected 618 gold pieces.

Inventory:

Hand Weapons
 d - a +0 flail of protection (weapon)
Missiles
 a - 4 boomerangs (quivered)
 l - 2 throwing nets
Armour
 s - a +0 kite shield (worn)
 u - a +0 pair of gloves (worn)
 w - a +0 pair of boots (worn)
 M - +0 acid dragon scales (worn)
 O - a +0 helmet (worn)
Jewellery
 e - an amulet of regeneration (around neck)
 f - a ring of protection from cold (left hand)
 z - a ring of willpower
 K - a ring of willpower (right hand)
 N - an amulet of reflection
Wands
 c - a wand of digging (14)
 G - a wand of quicksilver (4)
 P - a wand of iceblast (4)
 Q - a wand of paralysis (4)
Scrolls
 h - 3 scrolls of revelation
 i - 4 scrolls of teleportation
 j - 2 scrolls of brand weapon {unknown}
 p - a scroll of poison {unknown}
 q - a scroll of enchant armour {unknown}
 t - a scroll of amnesia {unknown}
 A - 2 scrolls of silence {unknown}
 B - 2 scrolls of blinking {unknown}
 D - a scroll of torment {unknown}
 F - a scroll of fog {unknown}
 H - 5 scrolls of fear {unknown}
 I - 2 scrolls of vulnerability {unknown}
 L - a scroll of immolation {unknown}
Potions
 g - 6 potions of curing
 k - 2 potions of haste
 m - 3 potions of lignification
 n - 3 potions of attraction
 o - 2 potions of heal wounds
 x - a potion of enlightenment
 C - a potion of cancellation
 E - a potion of brilliance
 J - 3 potions of ambrosia


   Skills:
 * Level 12.8 Fighting
 + Level 8.5 Maces & Flails
 + Level 9.6 Armour
 + Level 9.5 Shields
 * Level 8.2 Invocations


You had 11 spell levels left.
You didn't know any spells.
Your spell library contained the following spells:

 Spells                   Type           Power      Damage    Failure   Level
 Apportation              Tloc           0%         N/A       67%         1
 Foxfire                  Conj/Fire      0%         2x1d4     67%         1
 Necrotise                Necr           0%         1d4       67%         1
 Sting                    Conj/Alch      0%         1d3       67%         1
 Summon Small Mammal      Summ           0%         N/A       67%         1
 Blink                    Tloc           0%         N/A       80%         2
 Ensorcelled Hibernation  Hex/Ice        0%         N/A       80%         2
 Lesser Beckoning         Tloc           0%         N/A       80%         2
 Mercury Vapours          Alch/Air       0%         N/A       80%         2
 Momentum Strike          Conj/Tloc      0%         3d8       80%         2
 Call Canine Familiar     Summ           0%         N/A       95%         3
 Gell's Gravitas          Tloc           0%         N/A       95%         3
 Mephitic Cloud           Conj/Alch/Air  0%         N/A       95%         3
 Passwall                 Erth           0%         N/A       95%         3
 Sigil of Binding         Hex            0%         N/A       95%         3
 Swiftness                Air            0%         N/A       95%         3
 Teleport Other           Tloc           0%         N/A       95%         3
 Animate Dead             Necr           0%         N/A       100%        4
 Dimensional Bullseye     Hex/Tloc       0%         N/A       100%        4
 Olgreb's Toxic Radiance  Alch           0%         N/A       100%        4
 Freezing Cloud           Conj/Ice/Air   0%         6-21      100%        5
 Plasma Beam              Fire/Air       0%         2x1d10    100%        6
 Starburst                Conj/Fire      0%         6d3       100%        6
 Haunt                    Necr/Summ      0%         N/A       100%        7
 Ozocubu's Refrigeration  Ice            0%         4d7       100%        7
 Discord                  Hex            0%         N/A       100%        8
 Infestation              Necr           0%         N/A       100%        8


Dungeon Overview and Level Annotations

Branches:
Dungeon (12/15)            Temple (1/1) D:6            Lair (1/5) D:11
    Orc (0/2) D:9          Bailey (visited)

Altars:
Ashenzari
Cheibriados
Dithmenos
Elyvilon
Fedhas
Gozag
Hepliaklqana
Kikubaaqudgha
Makhleb
Nemelex Xobeh
Okawaru
Qazlal
Ru
Sif Muna
Trog
Uskayaw
Vehumet
Wu Jian
Xom
Yredelemnul
Zin
The Shining One

Shops:
D:1 [   D:2 [   D:3 *   D:7 !

Annotations:
D:6 1 runed translucent door, puppykicker's ghost, novice DgSh
D:7 2 transporters
D:9 3 runed translucent doors, rbyellow5's ghost, novice OpFi
D:11 4 runed translucent doors, jschmitter482's ghost, novice DEMo


Innate Abilities, Weirdness & Mutations

You are immune to sickness and miasma.
Your stone body is resilient. (AC +8)
You are immune to poison.
You resist negative energy. (rN+)
You are resistant to electric shocks. (rElec)
You are resistant to unholy torment.
You are immune to petrification.


Message History

You sock the komodo dragon!
Your weapon exudes an aura of protection.
The komodo dragon is moderately wounded.
The komodo dragon bites you!
You sock the komodo dragon!
The komodo dragon is heavily wounded.
The komodo dragon barely misses you.
You completely miss the komodo dragon.
The komodo dragon is heavily wounded.
The komodo dragon hisses menacingly.
The komodo dragon closely misses you.
You hit the komodo dragon but do no damage.
The komodo dragon is heavily wounded.
You block the komodo dragon's attack.
You hit the komodo dragon but do no damage.
The komodo dragon is heavily wounded.
The komodo dragon misses you.
You hit the komodo dragon but do no damage.
The komodo dragon is heavily wounded.
You block the komodo dragon's attack.
You hit the komodo dragon.
The komodo dragon is heavily wounded.
The komodo dragon bites you!
You hit the komodo dragon but do no damage.
The komodo dragon is heavily wounded.
You block the komodo dragon's attack.
You hit the komodo dragon.
The komodo dragon is severely wounded.
The komodo dragon misses you.
You hit the komodo dragon but do no damage.
The komodo dragon is severely wounded.
You block the komodo dragon's attack.
You hit the komodo dragon but do no damage.
The komodo dragon is severely wounded.
The komodo dragon bites you!!
* * * LOW HITPOINT WARNING * * *
You thump the komodo dragon!
The komodo dragon is almost dead.
The komodo dragon bites you!
You die...

....(.#.....#..# #
......#####'#..### #W
.................# 9###
..............#### ..#
..............#..# #9#
...######.....#..##########+#####
...#...)'.....#....#........?....
...#...)#.....#'####.....<.......
...#....#......l@................
...#....+.###################....
...######.# #.... ..........#
#.... ######....# #.... #....#
#..## ###### ####


You could see a komodo dragon.

Vanquished Creatures
  2 vault guards (Bailey)
  Erica (D:8)
  Pikel (D:4)
  A deep elf pyromancer (D:12)
  A manticore (D:11)
  A cyclops (D:11)
  Maggie (D:8)
  A kobold demonologist (D:7)
  Jeremiah (D:6)
  Psyche (D:8)
  A troll (D:11)
  Prince Ribbit (Bailey)
  3 hornets
  2 blink frogs (D:10)
  A shadow (D:9)
  A wraith (D:10)
  8 yaks
  6 humans (Bailey)
  2 vampire mosquitoes (D:11)
  6 steam dragons
  Edmund (D:5)
  4 acid dragons
  2 water moccasins
  3 orc warriors
  3 ice beasts
  2 black bears
  A sky beast (D:6)
  2 ogres
  12 centaurs
  A lemure (D:4)
  A phantom (D:5)
  4 kobold brigands
  10 bullfrogs
  A gnoll sergeant (D:9)
  3 scorpions
  11 wights
  An electric eel (D:8)
  4 howler monkeys
  A jelly (D:7)
  A bombardier beetle (D:5)
  5 hounds
  7 orc priests
  A sleepcap (D:4)
  5 iguanas
  10 orc wizards
  7 gnolls
  7 adders
  A shadow imp (D:5)
  2 ufetubi (D:6)
  A ribbon worm (D:2)
  A dart slug (D:4)
  50 orcs
  2 ball pythons (D:2)
  3 bats
  12 endoplasms
  2 giant cockroaches
  17 goblins
  6 hobgoblins
  8 jackals
  24 kobolds
  5 quokkas
  2 frilled lizards (D:2)
  3 rats (D:2)
291 creatures vanquished.

Vanquished Creatures (others)
  A human (D:5)
  A kobold (D:6)
2 creatures vanquished.

Grand Total: 293 creatures vanquished

Notes
Turn   | Place    | Note
-------+----------+-------------------------------------------
     0 | D:1      | Yore the Gargoyle Fighter began the quest for the Orb.
     0 | D:1      | Reached XP level 1. HP: 14/14 MP: 1/1
    77 | D:1      | Found a faded altar of an unknown god.
    90 | D:1      | Reached XP level 2. HP: 19/19 MP: 2/2
   152 | D:1      | You fall into a shaft and drop 1 floor!
   196 | D:1      | Found Kapnued's Antique Armour Shop.
   233 | D:1      | Reached XP level 3. HP: 24/24 MP: 3/3
   691 | D:2      | Reached skill level 4 in Fighting
   811 | D:2      | Found a snail-covered altar of Cheibriados.
   841 | D:2      | Found Keffiw's Armour Shop.
  1276 | D:3      | Reached XP level 4. HP: 29/29 MP: 4/4
  1901 | D:3      | Reached XP level 5. HP: 24/34 MP: 5/5
  2027 | D:3      | Found Reezis's Assorted Antiques.
  2122 | D:4      | Reached skill level 5 in Fighting
  2122 | D:4      | Reached XP level 6. HP: 40/40 MP: 6/6
  2484 | D:4      | Found a sparkling altar of Nemelex Xobeh.
  2666 | D:5      | Entered Level 5 of the Dungeon
  2666 | D:5      | Found a blossoming altar of Fedhas.
  2815 | D:5      | Reached skill level 6 in Fighting
  2815 | D:5      | Reached XP level 7. HP: 45/46 MP: 7/7
  2873 | D:5      | Found an ancient bone altar of Kikubaaqudgha.
  2873 | D:5      | Found an opulent altar of Gozag.
  2881 | D:5      | Noticed Edmund
  2894 | D:5      | Reached skill level 5 in Shields
  2905 | D:5      | Killed Edmund
  2906 | D:5      | Reached skill level 5 in Armour
  2944 | D:5      | Noticed Pikel
  3042 | D:4      | Killed Pikel
  3043 | D:4      | Reached skill level 7 in Fighting
  3043 | D:4      | Reached XP level 8. HP: 53/53 MP: 8/8
  3255 | D:5      | Reached skill level 8 in Fighting
  3255 | D:5      | Reached skill level 5 in Maces & Flails
  3424 | D:5      | Reached XP level 9. HP: 60/60 MP: 9/9
  3709 | D:5      | Reached skill level 9 in Fighting
  4012 | D:6      | Noticed Jeremiah
  4153 | D:6      | Killed Jeremiah
  4211 | D:6      | Found a runed translucent door.
  4590 | D:6      | Found a staircase to the Ecumenical Temple.
  4688 | Temple   | Entered the Ecumenical Temple
  4701 | Temple   | Became a worshipper of the Shining One
  4850 | D:6      | Noticed puppykicker's ghost (novice DgSh)
  4877 | D:7      | Reached skill level 10 in Fighting
  4916 | D:6      | Reached skill level 1 in Invocations
  4916 | D:6      | Reached XP level 10. HP: 68/68 MP: 10/10
  5387 | D:7      | Found a flagged portal.
  5399 | Bailey   | Entered a bailey
  5666 | Bailey   | Noticed Prince Ribbit
  5666 | Bailey   | Noticed a vault guard
  5703 | Bailey   | Killed Prince Ribbit
  5749 | Bailey   | Killed a vault guard
  5750 | Bailey   | Reached skill level 11 in Fighting
  5795 | Bailey   | Noticed a vault guard
  5821 | Bailey   | Killed a vault guard
  5822 | Bailey   | Reached skill level 5 in Invocations
  5822 | Bailey   | Reached XP level 11. HP: 66/74 MP: 13/15
  5874 | D:7      | Found a transporter.
  5971 | D:7      | Reached * piety under the Shining One
  6162 | D:7      | Found a transporter.
  6162 | D:7      | Found Becreguo's Distillery.
  6322 | D:8      | Noticed Erica
  6334 | D:8      | Killed Erica
  6486 | D:8      | Noticed Psyche
  6493 | D:8      | Killed Psyche
  6502 | D:8      | Noticed Maggie
  6783 | D:8      | Killed Maggie
  6888 | D:8      | Noticed a sixfirhy
  6910 | D:7      | HP: 1/76 [rust devil[a kobold demonologist] (10)]
  6910 | D:7      | The Shining One protects you from harm!
  7250 | D:9      | Found a shadowy altar of Dithmenos.
  7400 | D:9      | Reached skill level 12 in Fighting
  7441 | D:9      | Found a staircase to the Orcish Mines.
  7498 | D:9      | Reached ** piety under the Shining One
  7624 | D:9      | Found a glowing silver altar of Zin.
  7837 | D:9      | Found a runed translucent gate.
  7837 | D:9      | Found a runed translucent gate.
  7838 | D:9      | Found a runed translucent gate.
  7841 | D:9      | Noticed rbyellow5's ghost (novice OpFi)
  8078 | D:10     | Entered Level 10 of the Dungeon
  8660 | D:10     | Found a burning altar of Makhleb.
  8660 | D:10     | Found a hide-covered altar of Uskayaw.
  8668 | D:10     | Found a sacrificial altar of Ru.
  8670 | D:10     | Found a shimmering altar of Xom.
  8672 | D:10     | Found a white marble altar of Elyvilon.
  8762 | D:11     | Found a runed translucent gate.
  8762 | D:11     | Found a runed translucent gate.
  8762 | D:11     | Found a runed translucent gate.
  8765 | D:11     | Noticed jschmitter482's ghost (novice DEMo)
  8983 | D:11     | Found a runed translucent door.
  9107 | D:11     | Found a staircase to the Lair.
  9128 | D:11     | Noticed a manticore
  9403 | D:11     | Killed a manticore
  9404 | D:11     | Reached XP level 12. HP: 69/82 MP: 17/17
  9450 | D:11     | Noticed a minotaur
  9631 | Lair:1   | Entered Level 1 of the Lair of Beasts
  9874 | D:12     | Noticed a two-headed ogre
  9893 | D:11     | Slain by a komodo dragon

Illustrated notes

Levels and vault maps discovered:
D:1:      eino_arrival_druids_welcome, layout_rooms,
          ebering_ecumenical_altar_sacrificial, serial_shops, shop
D:2:      layout_loops_corners, basic_altar, serial_shops, shop,
          minmay_misc_feat_room
D:3:      layout_basic, serial_shops, shop
D:4:      layout_loops_ring, nemelex_xobeh_ov_fountains_minmay
D:5:      minmay_bubble_buster, layout_basic, overflow_temple_1_default,
          tgw_kikubaaqudgha, fedhas_bush_and_centaur_altar, uniq_pikel,
          uniq_edmund
D:6:      layout_loops_corners, minmay_temple_entry_mini_moons,
          ebering_ghost_reflecting_pool, uniq_jeremiah
D:7:      cheibrodos_steamvent, layout_cave_pools, enter_bailey_3, serial_shops,
          nicolae_shop_drivethru, kennysheep_potato
D:8:      layout_cave_pools, water_maze_lemuel, uniq_psyche, uniq_erica,
          uniq_maggie
D:9:      layout_roguey, nicolae_dithmenos_the_darkroom,
          mainiacjoe_overflow_chevrons, david_orc_2, gammafunk_ghost_spectres
D:10:     layout_loops_ring, chequers_temple_overflow_minitemple
D:11:     layout_irregular_city, lair_entry_dummy, ebering_ghost_rock_garden,
          mainiacjoe_labyrinth_nostalgia
D:12:     layout_cave_pools
Temple:   nicolae_temple_ecumenical_triangle
Lair:1:   layout_regular_city, ebering_ghost_reflecting_pool

Skill      XL: |  1  2  3  4  5  6  7  8  9 10 11 12 |
---------------+-------------------------------------+-----
Fighting       | 4 5 6 7 8 10 11 12 | 12.8
Shields        | 4 5 6 7 8 9 |  9.5
Armour         | 4 5 6 7 8 9 |  9.6
Maces & Flails | 3 4 5 6 7 8 |  8.5
Invocations    | 1 5 7 8 |  8.2

Action                     |  1- 3 |  4- 6 |  7- 9 | 10-12 || total
---------------------------+-------+-------+-------+-------++-------
  Melee: Flail             |   132 |   188 |   387 |   930 ||  1637
  Throw: Throwing net      |       |     1 |       |       ||     1
         Boomerang         |       |       |       |    13 ||    13
 Invoke: Divine Shield     |       |       |       |     2 ||     2
  Evoke: Wand              |       |       |     4 |     9 ||    13
    Use: Potion            |       |       |     1 |     4 ||     5
         Scroll            |       |       |       |    13 ||    13
 Armour: Scale mail        |   122 |    16 |       |       ||   138
         Chain mail        |       |    53 |       |       ||    53
         Plate armour      |       |    73 |   546 |   648 ||  1267
         Acid dragon scale |       |       |       |   384 ||   384
  Dodge: Dodged            |    73 |    46 |   110 |   328 ||   557
  Block: Buckler           |    32 |     4 |       |       ||    36
         Kite shield       |       |    88 |   335 |   737 ||  1160
